Map: 2000 Atmospheres LE

Players

LiquidClem (Clem)

  • Race: Terran Terran
  • League: Grandmaster

Neeblet (Neeb) - Winner!

  • Race: Protoss Protoss

Event: DreamHack SC2 Masters 2021 Summer

VOD

Have the link to the VOD?

Description

Time

  • Played on: July 2, 2021, 12:09 p.m.
  • Length: 13:25

All games in this series

Show
View Real Time Build Order
Export as new Build Order

LiquidClem Terran 

Build Orders: Reaper Expand 

Get SALT Encoding   

  12  0:00  SCV  
  13  0:12  SCV  
  14  0:16  Supply Depot  
  14  0:24  SCV  
  15  0:38  SCV  
  15  0:40  Barracks  
  16  0:43  Refinery  
  16  0:50  SCV  
  17  1:02  SCV  
  18  1:14  SCV  
  19  1:26  Reaper  
  19  1:27  Orbital Command  
  20  1:42  Command Center  
  20  1:51  Bunker  
  20  1:55  SCV  
  20  1:58  Marine  
  22  2:05  Supply Depot  
  22  2:08  SCV  
  23  2:16  Factory  
  23  2:23  Barracks Reactor  
  23  2:26  SCV  
  24  2:33  Refinery  
  24  2:38  SCV  
  25  2:50  SCV  
  26  2:55  Orbital Command  
  26  2:59  Marine x2  
  26  3:02  Starport, SCV  
  29  3:07  Factory Tech Lab  
  29  3:15  SCV  
  29  3:18  Marine x2  
  32  3:20  SCV  
  33  3:28  Cyclone  
  33  3:29  SCV  
  37  3:37  Marine x2, Supply Depot  
  38  3:41  SCV  
  38  3:46  Medivac  
  38  3:47  Supply Depot  
  38  3:48  SCV  
  41  3:53  SCV  
  41  3:55  Marine x2  
  42  3:59  Barracks  
  42  4:00  SCV  
  45  4:03  Siege Tank  
  45  4:05  SCV  
  45  4:09  Supply Depot  
  49  4:13  Marine x2  
  49  4:14  SCV  
  52  4:19  Starport Tech Lab  
  52  4:20  SCV  
  52  4:23  Barracks  
  53  4:26  SCV  
  54  4:32  SCV, Engineering Bay  
  54  4:33  Marine  
  54  4:34  Marine  
  57  4:42  SCV, Supply Depot  
  57  4:44  Factory Reactor  
  57  4:45  SCV  
  59  4:54  SCV  
  59  4:55  Refinery, Stimpack  
  59  4:56  Marauder, Marine  
  59  4:57  Marine  
  64  5:01  Missile Turret  
  64  5:02  Missile Turret  
  64  5:04  SCV  
  64  5:06  SCV  
  66  5:09  Terran Infantry Weapons Level 1  
  66  5:16  SCV  
  66  5:17  Marauder  
  66  5:18  SCV  
  66  5:20  Bunker  
  70  5:27  Refinery, Supply Depot  
  70  5:28  SCV  
  70  5:29  Marauder  
  70  5:32  Combat Shield  
  73  5:35  Marine  
  73  5:39  Factory Reactor  
  73  5:40  Marauder, Marine  
  75  5:45  SCV  
  75  5:46  Supply Depot  
  75  5:50  Marauder  
  75  5:51  SCV  
  78  5:57  SCV, Marine  
  78  6:00  Medivac x2  
  78  6:02  Marine  
  85  6:08  Marauder  
  85  6:09  Supply Depot  
  85  6:10  SCV  
  88  6:11  SCV  
  88  6:17  Marine x2  
  91  6:22  Widow Mine x2  
  93  6:27  Marine  
  93  6:31  Marauder  
  93  6:32  Supply Depot  
  96  6:35  Marine  
  96  6:38  Medivac  
  99  6:40  Marauder  
  99  6:41  Medivac  
  99  6:44  Command Center  
  99  6:45  Supply Depot  
  101  6:50  Marine  
  101  6:51  Widow Mine x2  
  101  6:53  Marauder, Concussive Shells  
  108  6:56  Marine  
  109  7:04  Barracks  
  109  7:06  Terran Infantry Armor Level 1  
  109  7:07  Barracks  
  109  7:10  SCV x2  
  109  7:13  Marauder  
  109  7:14  Marine  
  112  7:17  Marine  
  112  7:18  Marine  
  113  7:25  Widow Mine  
  113  7:26  Widow Mine, SCV  
  116  7:32  Supply Depot  
  116  7:35  Marauder, Marine  
  119  7:39  Marine  
  119  7:40  SCV  
  119  7:42  Marauder  
  122  7:45  Medivac  
  122  7:47  Medivac  
  126  7:54  SCV  
  126  7:55  Supply Depot  
  126  7:56  Barracks Reactor, Barracks Tech Lab, Marauder  
  126  7:57  SCV  
  126  8:00  SCV  
  126  8:01  Marine x2  
  130  8:06  SCV, Marauder  
  129  8:13  Widow Mine x2  
  129  8:17  Marauder  
  129  8:18  Orbital Command  
  132  8:20  Marauder  
  132  8:22  Marine  
  132  8:23  Marine  
  132  8:24  SCV  
  132  8:28  SCV  
  132  8:32  Marine x2  
  135  8:35  Marauder  
  135  8:37  SCV  
  135  8:39  Marauder  
  140  8:41  Viking x2  
  140  8:44  SCV  
  141  8:49  Marine  
  141  8:50  Marine  
  141  8:51  SCV, Marauder  
  144  8:55  Marine x2  
  144  8:56  SCV, Marauder, Supply Depot  
  144  8:57  SCV  
  144  8:59  Refinery  
  144  9:00  Refinery  
  150  9:04  SCV, Supply Depot  
  150  9:05  Marauder  
  148  9:10  Marine x2  
  148  9:12  SCV, Marauder  
  151  9:18  Widow Mine x2, Marauder  
  151  9:20  Medivac x2  
  151  9:22  Marine x2  
  154  9:27  Marauder  
  152  9:33  Marine x2  
  149  9:40  Marine, Command Center  
  149  9:41  Marine  
  149  9:47  Marauder x2  
  149  9:50  Viking  
  149  9:51  SCV x2  
  140  9:55  Viking  
  134  10:01  Marine x3  
  134  10:07  Armory  
  134  10:08  Marine  
  134  10:09  Marine  
  134  10:11  Engineering Bay  
  138  10:14  Marauder  
  138  10:20  Marine x2, Viking  
  142  10:25  Ghost Academy  
  142  10:29  Marine x2  
  142  10:30  Starport  
  142  10:33  Marauder  
  146  10:37  Bunker  
  146  10:38  Missile Turret, Supply Depot  
  146  10:40  Marauder  
  146  10:41  Marauder  
  150  10:46  Viking  
  152  10:52  Viking  
  152  10:55  SCV x2, Marauder  
  158  10:59  Supply Depot  
  158  11:00  Terran Infantry Weapons Level 2  
  158  11:03  Terran Infantry Armor Level 2  
  158  11:08  Ghost x2  
  158  11:10  Marine x2  
  164  11:11  Marine  
  164  11:13  SCV  
  164  11:16  SCV, Ghost, Viking  
  169  11:24  Planetary Fortress  
  168  11:32  Viking  
  170  11:34  Viking x2  
  170  11:36  Ghost  
  170  11:39  Ghost  
  177  11:43  Marine x4  
  177  11:45  Refinery  
  180  11:47  Refinery  
  180  11:48  SCV x3  
  180  11:51  Ghost  
  180  11:53  Viking  
  187  12:01  Marine  
  184  12:06  Marauder  
  184  12:07  Marine x2  
  188  12:08  Viking x2  
  188  12:09  Marine  
  188  12:10  Viking  
  193  12:18  SCV  
  193  12:19  Command Center  
  193  12:21  SCV  
  195  12:23  Marine  
  195  12:24  Marauder  
  195  12:27  Ghost  
  195  12:28  Ghost  
  199  12:35  Medivac  
  181  12:41  Marine  
  128  12:45  Ghost, Marine x3  
  128  12:53  SCV x3  
  128  12:56  Marauder  
  128  12:57  Marauder  
  131  12:59  Marine  
  131  13:03  Marine x2  
Show
View Real Time Build Order
Export as new Build Order

Neeblet Protoss - Winner!

Build Orders: 1 Gate Expand, Blink Stalkers 

Get SALT Encoding   

  12  0:00  Probe  
  13  0:12  Probe  
  14  0:17  Pylon  
  14  0:24  Probe  
  15  0:30  Assimilator  
  15  0:36  Probe (Chrono Boost)  
  15  0:41  Gateway  
  16  0:47  Probe (Chrono Boost)  
  17  0:52  Probe (Chrono Boost)  
  18  1:03  Probe  
  19  1:15  Probe  
  20  1:21  Nexus  
  20  1:31  Cybernetics Core  
  20  1:33  Probe  
  20  1:38  Assimilator  
  21  1:45  Probe  
  22  1:48  Pylon  
  22  1:57  Probe (Chrono Boost)  
  23  2:04  Adept (Chrono Boost)  
  23  2:07  Probe (Chrono Boost), Warp Gate  
  26  2:12  Probe (Chrono Boost)  
  27  2:17  Pylon  
  27  2:24  Twilight Council  
  27  2:30  Stalker (Chrono Boost)  
  29  2:38  Probe x2  
  31  2:45  Shield Battery  
  31  2:50  Probe  
  31  2:51  Probe  
  33  2:57  Stalker  
  35  3:02  Probe  
  36  3:05  Probe  
  37  3:14  Blink (Chrono Boost)  
  37  3:17  Probe (Chrono Boost)  
  37  3:18  Probe (Chrono Boost)  
  40  3:29  Gateway  
  40  3:30  Probe (Chrono Boost)  
  40  3:31  Probe (Chrono Boost)  
  41  3:35  Probe (Chrono Boost)  
  41  3:36  Robotics Facility  
  41  3:41  Probe  
  43  3:47  Probe  
  44  3:54  Probe  
  44  3:55  Gateway x2  
  45  3:58  Stalker  
  45  3:59  Probe  
  48  4:04  Pylon  
  48  4:06  Probe  
  48  4:08  Assimilator  
  49  4:11  Probe  
  50  4:20  Warp Prism (Chrono Boost)  
  52  4:26  Stalker x2  
  56  4:36  Probe, Pylon  
  56  4:37  Probe  
  58  4:49  Observer  
  58  4:50  Stalker  
  61  4:53  Pylon  
  61  4:56  Stalker x3  
  67  5:05  Probe x2  
  69  5:13  Observer  
  68  5:16  Stalker  
  68  5:17  Probe  
  68  5:19  Stalker x3  
  78  5:21  Probe  
  78  5:23  Assimilator  
  78  5:28  Nexus  
  78  5:33  Pylon  
  78  5:49  Robotics Bay  
  78  5:50  Pylon  
  78  5:51  Probe, Pylon, Forge  
  78  5:52  Probe  
  80  5:57  Sentry x2  
  80  6:03  Probe  
  80  6:04  Probe  
  86  6:06  Immortal (Chrono Boost)  
  90  6:15  Probe  
  90  6:16  Probe  
  90  6:17  Shield Battery  
  90  6:18  Observer  
  92  6:19  Pylon  
  91  6:27  Probe  
  91  6:28  Probe, Protoss Ground Armor Level 1 (Chrono Boost)  
  93  6:35  Colossus (Chrono Boost), Shield Battery  
  93  6:39  Probe  
  100  6:40  Probe  
  100  6:44  Probe  
  100  6:48  Stalker x2  
  100  6:51  Probe  
  100  6:53  Assimilator  
  105  6:56  Probe  
  105  6:57  Assimilator  
  105  7:00  Charge (Chrono Boost)  
  106  7:03  Gateway  
  106  7:05  Gateway  
  106  7:11  Zealot x3  
  112  7:19  Extended Thermal Lance  
  112  7:20  Stalker  
  112  7:21  Colossus (Chrono Boost)  
  112  7:22  Probe  
  112  7:23  Probe  
  119  7:32  Gateway  
  119  7:33  Gateway  
  119  7:41  Zealot  
  119  7:42  Zealot x2  
  119  7:43  Shield Battery  
  125  7:55  Probe  
  117  8:01  Stalker x3  
  122  8:09  Probe  
  122  8:25  Probe x2  
  124  8:35  Pylon x2  
  124  8:36  Templar Archives  
  124  8:37  Photon Cannon, Pylon x2  
  124  8:38  Probe  
  125  8:43  Probe x2  
  123  8:56  Probe  
  123  8:57  Nexus  
  123  8:58  Probe x2  
  123  8:59  Robotics Facility  
  123  9:02  Robotics Facility  
  123  9:10  Zealot x6  
  111  9:34  Zealot x8  
  111  9:36  Probe  
  111  9:37  Probe  
  123  9:44  Probe  
  116  9:53  Forge  
  116  9:54  Forge  
  116  9:58  Zealot  
  103  10:00  Zealot  
  103  10:04  Nexus  
  104  10:08  High Templar x4  
  104  10:09  High Templar x2  
  104  10:12  Observer (Chrono Boost)  
  104  10:13  Observer (Chrono Boost)  
  118  10:15  Archon x3  
  118  10:16  Observer  
  118  10:19  Pylon  
  118  10:24  High Templar x2, Protoss Ground Armor Level 2 (Chrono Boost)  
  118  10:25  Disruptor x2 (Chrono Boost)  
  128  10:28  Protoss Ground Weapons Level 1 (Chrono Boost)  
  128  10:35  Archon  
  128  10:41  Stalker x2  
  128  10:42  Stalker x2  
  136  10:47  Shield Battery  
  136  10:55  Disruptor (Chrono Boost)  
  136  10:56  Disruptor (Chrono Boost)  
  142  11:03  High Templar x2  
  146  11:04  Zealot x2  
  146  11:09  Archon  
  150  11:12  Zealot x2  
  150  11:13  Zealot  
  156  11:29  Stalker x3  
  156  11:31  Pylon  
  156  11:32  Disruptor x2  
  168  11:33  Pylon  
  168  11:35  Pylon  
  168  11:47  Zealot x2  
  168  11:50  Pylon  
  168  11:52  Pylon  
  168  11:54  Dark Shrine  
  166  12:02  Zealot x6  
  178  12:11  Disruptor x2  
  178  12:13  Stalker x2  
  188  12:18  Probe x3  
  191  12:29  Zealot  
  193  12:30  Zealot x3  
  151  12:45  Stalker x4  
  159  12:57  Zealot x4  
  143  13:18  Stalker x3  
  143  13:19  Stalker x4  
Tags
 
Add a new tag
Caveats
  • Supply blocks, unpowered buildings, or Contaminate may cause inaccurate times.
  • Supply counts are checked every 10 seconds.